 Dungeon Crawl Stone Soup version 0.31-a0-636-ge1c0e020e0 (webtiles) character file.

Game seed: 9820706330724647002

157 rvierbuc the Slasher (level 5, -2/41 HPs)
             Began as a Demonspawn Chaos Knight on Aug 26, 2023.
             Was a Plaything of Xom.
             Killed by divine providence
             ... invoked by an orc priest
              (11 damage)
             ... on level 4 of the Dungeon.
             The game lasted 00:07:24 (2729 turns).

rvierbuc the Slasher (Demonspawn Chaos Knight)      Turns: 2729, Time: 00:07:25

Health: -2/41      AC: 16    Str: 12    XL:     5   Next: 15%
Magic:  5/5        EV:  2    Int: 13    God:    Xom [.....*]
Gold:   146        SH:  5    Dex: 21    Spells: 4/4 levels left

rFire   . . .        a - +0 falchion (chaos)
rCold   . . .        o - +0 buckler
rNeg    . . .        s - +0 plate armour
rPois   .            k - +0 helmet
rElec   .            l - +0 cloak
rCorr   .            m - +0 pair of gloves
SInv    .            (no boots)
Will    +....        w - amulet of the acrobat Stlth
                     e - ring of willpower
HPRegen 0.26/turn    r - +6 ring of dexterity
MPRegen 0.09/turn

%: acrobat
@: no status effects
A: icy blue scales 1, condensation shield
a: Renounce Religion


You were on level 4 of the Dungeon.
You worshipped Xom.
You were Xom's teddy bear.
You visited 1 branch of the dungeon, and saw 4 of its levels.

You collected 146 gold pieces.

Inventory:

Hand Weapons
 a - a +0 falchion of chaos (weapon)
 n - a +0 dagger of chaos
Armour
 b - a +2 leather armour
 k - a +0 helmet (worn)
 l - a +0 cloak (worn)
 m - a +0 pair of gloves (worn)
 o - a +0 buckler (worn)
 s - a +0 plate armour (worn)
Jewellery
 e - a ring of willpower (left hand)
 r - a +6 ring of dexterity (right hand)
 w - an amulet of the acrobat (around neck)
Talismans
 u - a flux talisman
Scrolls
 c - a scroll of butterflies
 d - a scroll of summoning {unknown}
 f - a scroll of amnesia {unknown}
 i - a scroll of poison {unknown}
 j - 3 scrolls of identify {unknown}
 p - a scroll of teleportation {unknown}
 v - a scroll of vulnerability {unknown}
 x - a scroll of fog {unknown}
Potions
 g - 3 potions of curing {unknown}
 h - 2 potions of heal wounds {unknown}
 q - a potion of degeneration {unknown}
 t - a potion of mutation {unknown}


   Skills:
 + Level 3.6 Fighting
 + Level 4.3 Long Blades
 + Level 2.1 Armour
 + Level 1.6 Dodging
 + Level 0.3 Stealth
 + Level 1.0 Shields


You had 4 spell levels left.
You didn't know any spells.
Your spell library contained the following spells:

 Spells                   Type           Power      Damage    Failure   Level
 Sting                    Tmut/Pois      0%         1d3       100%        1


Dungeon Overview and Level Annotations

Branches:
Dungeon (4/15)
 Temple: D:4-7

Altars:
Ashenzari
Kikubaaqudgha
Sif Muna
Vehumet
Wu Jian


Innate Abilities, Weirdness & Mutations

You are partially covered in icy blue scales. (AC +2)
A meltable shield of frost defends you. (SH +0)


Message History

You hit the orc but do no damage. You block the goblin's attack.
The orc hits you but does no damage.
An orc wizard comes into view. It is wielding a +0 war axe.
The orc wizard shouts!
You hit the orc. You freeze the orc.
The orc is almost dead.
You block the goblin's attack.
The orc priest invokes the aid of Beogh against you.
Beogh smites you!
The orc wizard gestures at you while chanting.
The puff of flame hits you.
Your condensation shield dissipates!
* * * LOW HITPOINT WARNING * * *
The orc hits you but does no damage. The goblin hits you but does no damage.
The orc hits you with a +1 flail of protection.
* * * LOW HITPOINT WARNING * * *
The orc priest begins to cast a cantrip, but forgets the words!
The orc hits you with a +0 hand axe.
* * * LOW HITPOINT WARNING * * *
You block the orc's attack.
The orc throws a boomerang.
You block the boomerang.
The orc throws a boomerang.
The boomerang closely misses you.
The orc priest calls down the wrath of Beogh upon you.
You resist with some effort.
The orc wizard casts a spell.
The orc wizard flickers and vanishes!
Deactivating autopickup; reactivate with Ctrl-A.
The orc priest looks braver for a moment.
You hit the orc but do no damage.
The orc is poisoned.
The orc hits you but does no damage. x2
The orc attacks as it pursues you! The orc misses you.
You hit the orc.
You kill the orc!
The orc priest barely misses you.
You see here a +1 flail of protection.
You barely miss the orc priest.
The orc priest calls down the wrath of Beogh upon you.
Beogh smites you!
You die...
Xom giggles madly!

...#. #.## .....
#..## ....
##..### #....
##.†.### .#..#.
###...# ......#
#...#
#......#####...#
##.#.....?go...#
.......#...#@..#
#.....o.g#...#
####..o..#...#
#))...#####
.{.....#
...##...!# ###.
......# .
.......# .
.......#


You could see an orc priest and a goblin.

Vanquished Creatures
  2 orc wizards (D:3)
  2 gnolls (D:1)
  An adder (D:2)
  A worm (D:2)
  A dart slug (D:3)
  3 orcs
  6 bats
  7 endoplasms
  5 giant cockroaches
  5 goblins
  3 hobgoblins
  4 jackals (D:1)
  7 kobolds
  4 quokkas
  6 ball pythons
  2 frilled lizards (D:2)
  9 rats
68 creatures vanquished.

Notes
Turn   | Place    | Note
-------+----------+-------------------------------------------
     0 | D:1      | rvierbuc the Demonspawn Chaos Knight began the quest for
                  | the Orb.
     0 | D:1      | Reached XP level 1. HP: 18/18 MP: 1/1
    53 | D:1      | XOM: silly message
   180 | D:1      | Reached skill level 3 in Long Blades
   185 | D:1      | Gained mutation: A meltable shield of frost defends you.
                  | (SH +0) [demonic ancestry]
   185 | D:1      | Reached XP level 2. HP: 20/24 MP: 2/2
   190 | D:1      | Reached skill level 1 in Dodging
   295 | D:1      | Found a faded altar of an unknown god.
   441 | D:1      | Reached XP level 3. HP: 19/29 MP: 3/3
   487 | D:1      | XOM: silly message
   490 | D:1      | XOM: butterfly on damage
   743 | D:1      | XOM: silly message
  1025 | D:2      | XOM: 8-stop teleportation journey
  1127 | D:2      | Gained mutation: You are partially covered in icy blue
                  | scales. (AC +2) [demonic ancestry]
  1127 | D:2      | Reached XP level 4. HP: 28/35 MP: 4/4
  1497 | D:2      | XOM: silly message
  1555 | D:3      | XOM: summons 4 hostile shadow creatures
  1569 | D:3      | XOM: chaos upgrade
  1596 | D:3      | XOM: god gift: buckler {god gift}
  1648 | D:3      | Found a broken altar of Ashenzari.
  1904 | D:3      | Reached skill level 4 in Long Blades
  1994 | D:3      | XOM: 3-stop teleportation journey
  2092 | D:3      | XOM: noise
  2115 | D:3      | Reached skill level 1 in Shields
  2115 | D:3      | Reached XP level 5. HP: 25/41 MP: 5/5
  2120 | D:3      | XOM: 2-stop teleportation journey
  2348 | D:3      | Found an ornate altar of the Wu Jian Council.
  2537 | D:3      | Found a shimmering blue altar of Sif Muna.
  2538 | D:3      | Found an ancient bone altar of Kikubaaqudgha.
  2539 | D:3      | Found a radiant altar of Vehumet.
  2544 | D:3      | Got Sif Muna's Guidebook on Therianthropy
  2663 | D:3      | XOM: scenery: summon butterflies
  2712 | D:4      | XOM: smoke on damage
  2729 | D:4      | Killed from afar by an orc priest

Illustrated notes

Levels and vault maps discovered:
D:1:      dpeg_arrival_water_temple_mockup, layout_basic,
          shapermc_ecumenical_altar_mp_ritualfount, palyth_stone_intersect
D:2:      cheibrodos_helix_gallery, layout_basic, minmay_heptomino_o4
D:3:      layout_basic, grunt_temple_overflow_magic_moments,
          mainiacjoe_overflow_surrounded_room, nicolae_ashenzari_panopticon,
          serial_bayou_pond_b
D:4:      layout_rooms, gammafunk_temple_overflow_arena,
          chequers_serial_rivers_marsh, uniq_natasha

Skill      XL: |  1  2  3  4 |
---------------+-------------+-----
Long Blades    | 3 4 |  4.3
Dodging        | 1 |  1.6
Armour         | 2 |  2.1
Shields        | 1 |  1.0
Fighting       | |  3.6
Stealth        | |  0.3

Action                     |  1- 3 |  4- 6 || total
---------------------------+-------+-------++-------
  Melee: Falchion          |   105 |   111 ||   216
   Stab: Sleeping          |       |     1 ||     1
 Armour: Leather armour    |    33 |    56 ||    89
         Plate armour      |       |    16 ||    16
  Dodge: Dodged            |    75 |    69 ||   144
  Block: Other             |    14 |    10 ||    24
         Buckler           |       |    42 ||    42

Table legend: (Time is in decaauts)
 A = Elapsed time spent in this place.
 B = Non-inter-level travel time spent in this place.
 C = Inter-level travel time spent in this place.
 D = Time resting spent in this place.
 E = Time spent auto-exploring this place.
 F = Levels seen in this place.
 G = Mean time per level.
                   A        B        C        D        E       F      G
               +--------+--------+--------+--------+--------+-----+--------+
         Total |   2756 |   2700 |     56 |      0 |   2149 |   4 |  689.0 |
       Dungeon |   2756 |   2700 |     56 |      0 |   2149 |   4 |  689.0 |
               +--------+--------+--------+--------+--------+-----+--------+

Top non-repeatable levels by time:
     D:3: 1137 daAuts
     D:1: 805 daAuts
     D:2: 761 daAuts
     D:4: 52 daAuts
